Map: Ulrena

Players

제임스

  • Race: Terran Terran
  • League: Platinum

ILLBdA - Winner!

  • Race: Protoss Protoss
  • League: Diamond

VOD

Have the link to the VOD?

Description

Time

  • Played on: Jan. 3, 2016, 11:12 p.m.
  • Length: 7:47
Show
View Real Time Build Order
Export as new Build Order

제임스 Terran 

Build Orders:  

Get SALT Encoding   

  12  0:01  SCV  
  13  0:13  SCV  
  14  0:19  Supply Depot  
  14  0:25  SCV  
  15  0:41  SCV  
  16  0:43  Barracks  
  16  0:46  Refinery  
  16  0:53  SCV  
  17  0:57  Refinery  
  17  1:05  SCV  
  18  1:17  SCV  
  19  1:30  Orbital Command  
  19  1:31  Reaper  
  20  1:36  Supply Depot  
  20  1:57  Factory  
  20  1:58  SCV  
  21  2:08  Bunker  
  21  2:09  Barracks Tech Lab  
  21  2:11  SCV  
  22  2:22  Barracks  
  22  2:30  SCV  
  23  2:41  Engineering Bay  
  23  2:43  Marine  
  24  2:58  SCV  
  25  3:02  Marauder  
  27  3:06  Bunker  
  27  3:08  Bunker  
  26  3:23  Marine  
  24  3:33  SCV  
  23  3:40  Marine  
  22  4:00  Starport  
  22  4:05  Bunker  
  22  4:17  Supply Depot  
  9  5:00  Orbital Command  
  9  5:04  Medivac  
  11  5:07  Supply Depot, Barracks Reactor  
  10  5:31  SCV  
  11  5:43  SCV, Engineering Bay  
  12  5:55  SCV  
  12  6:18  SCV  
  13  6:21  Engineering Bay  
  13  6:50  Missile Turret  
Show
View Real Time Build Order
Export as new Build Order

ILLBdA Protoss - Winner!

Build Orders:  

Get SALT Encoding   

  12  0:00  Probe (Chrono Boost)  
  13  0:11  Probe (Chrono Boost)  
  14  0:19  Pylon  
  14  0:22  Probe (Chrono Boost)  
  15  0:37  Probe (Chrono Boost), Gateway  
  16  0:47  Probe (Chrono Boost)  
  16  0:48  Assimilator  
  17  0:53  Assimilator  
  17  0:58  Probe (Chrono Boost)  
  18  1:07  Pylon  
  18  1:08  Probe (Chrono Boost)  
  19  1:19  Probe (Chrono Boost)  
  20  1:27  Cybernetics Core  
  20  1:29  Probe (Chrono Boost)  
  21  1:39  Gateway  
  21  1:40  Probe (Chrono Boost)  
  22  1:51  Gateway  
  22  1:54  Probe (Chrono Boost)  
  23  2:04  Adept (Chrono Boost)  
  23  2:05  Mothership Core  
  23  2:08  Warp Gate  
  27  2:15  Pylon  
  27  2:35  Adept (Chrono Boost)  
  27  2:36  Adept (Chrono Boost)  
  31  2:40  Adept (Chrono Boost)  
  33  2:55  Pylon  
  33  2:56  Pylon  
  33  3:09  Pylon  
  35  3:12  Stalker (Chrono Boost)  
  35  3:19  Stalker (Chrono Boost)  
  39  3:22  Stalker (Chrono Boost)  
  39  3:42  Stalker (Chrono Boost)  
  39  3:45  Stalker (Chrono Boost)  
  40  3:58  Stalker (Chrono Boost)  
  40  4:01  Stargate  
  40  4:34  Stalker x2  
  40  4:35  Stalker  
  47  5:08  Adept  
  47  5:09  Adept x2  
  54  5:14  Void Ray (Chrono Boost)  
  54  5:24  Forge  
  54  5:30  Adept x2  
  58  5:56  Phoenix (Chrono Boost)  
  60  5:57  Photon Cannon  
  61  6:18  Probe  
  61  6:32  Nexus  
  61  6:34  Pylon  
  61  6:53  Void Ray (Chrono Boost)  
  61  7:13  Probe  
  61  7:25  Probe  
  61  7:27  Adept x3  
Tags
 
Matchup
PvT
Replay Pack
me
Add a new tag
Caveats
  • Supply blocks, unpowered buildings, or Contaminate may cause inaccurate times.
  • Supply counts are checked every 10 seconds.